 Dungeon Crawl Stone Soup version 0.28-a0-863-g8cecda6153 (webtiles) character file.

Game seed: 4248499153631099517

7 Htamos the Skirmisher (level 1, -1/18 HPs)
             Began as a Demigod Fighter on Nov 17, 2021.
             Slain by a gnoll (2 damage)
             ... on level 2 of the Dungeon.
             The game lasted 00:00:56 (274 turns).

Htamos the Skirmisher (Demigod Fighter)              Turns: 274, Time: 00:00:57

Health: -1/18      AC:  6    Str: 17    XL:     1   Next: 73%
Magic:  3/3        EV:  9    Int: 10    God:
Gold:   4          SH:  4    Dex: 13    Spells: 0/0 levels left

rFire   . . .      SeeInvis .   a - +0 flail
rCold   . . .      Faith    .   c - +0 buckler
rNeg    . . .      Spirit   .   b - +0 scale mail
rPois   .          Reflect  .   (no helmet)
rElec   .          Harm     .   (no cloak)
rCorr   .          Rampage  .   (no gloves)
Will    .....                   (no boots)
Stlth   ..........              (no amulet)
HPRegen 0.06/turn               (no ring)
MPRegen 0.08/turn               (no ring)

@: no status effects
A: high mp 1, forlorn
a: no special abilities


You were on level 2 of the Dungeon.
You visited 1 branch of the dungeon, and saw 2 of its levels.

You collected 24 gold pieces.
You spent 20 gold pieces at shops.

Inventory:

Hand Weapons
 a - a +0 flail (weapon)
Armour
 b - a +0 scale mail (worn)
 c - a +0 buckler (worn)
Scrolls
 f - a scroll of fear {unknown}
 g - a scroll of summoning {unknown}
 h - a scroll of identify {@rr}
Potions
 d - 3 potions of might
 e - a potion of curing {unknown}


   Skills:
 + Level 2.8 Fighting
 + Level 1.9 Maces & Flails
 + Level 2.8 Armour
 + Level 0.3 Dodging
 + Level 2.8 Shields


You couldn't memorise any spells.
You didn't know any spells.
Your spell library was empty.

Dungeon Overview and Level Annotations

Branches:
Dungeon (1/15)

Shops:
D:1 *


Innate Abilities, Weirdness & Mutations

Your attributes grow dramatically as you level up.
You have an increased reservoir of magic. (+10% MP)
You shall have no god before yourself.


Message History

A hobgoblin comes into view.
You tear a large gash into the net.
The hobgoblin shouts!
You rip the net and break free!
An endoplasm comes into view.
You hit the ball python.
The ball python is moderately wounded.
You block the ball python's attack. The ball python grabs you.
The ball python constricts you. The ball python bites you.
The ball python constricts you.
You closely miss the ball python.
The ball python is moderately wounded.
The ball python completely misses you. The ball python constricts you.
A gnoll comes into view. It is wielding a +0 flail.
You sock the ball python!
You kill the ball python!
You closely miss the gnoll. The gnoll hits you with a +0 club.
The gnoll hits you from afar with a +0 halberd.
The gnoll hits you with a +0 club.
* * * LOW HITPOINT WARNING * * *
You are too injured to fight recklessly!
You are too injured to fight recklessly!
Unknown command.
A rat comes into view.
The rat bites you but does no damage.
You barely miss the rat. The rat bites you but does no damage.
The gnoll hits you with a +0 club.
* * * LOW HITPOINT WARNING * * *
You closely miss the rat. The rat bites you but does no damage.
The gnoll barely misses you. The gnoll hits you but does no damage.
The gnoll barely misses you. The rat bites you but does no damage.
You hit the rat.
You kill the rat!
The gnoll hits you with a +0 club.
* * * LOW HITPOINT WARNING * * *
The gnoll barely misses you.
You see here a rat corpse.
There is a stone staircase leading down here.
The gnoll hits you with a +0 club.
You die...

........#
........#
........#
.......# ..((.#
#...#
#...#############
#.g@†......g....#
#g############g##
#..g.gg....# #.#
##########.# #g#
#.# #g# #g# #.#
#.###.# #.g.g.#
#######


You could see 2 gnolls.

Vanquished Creatures
  A ball python (D:2)
  2 goblins (D:1)
  A hobgoblin (D:1)
  A bat (D:1)
  2 rats
7 creatures vanquished.

Notes
Turn   | Place    | Note
-------+----------+-------------------------------------------
     0 | D:1      | Htamos the Demigod Fighter began the quest for the Orb.
     0 | D:1      | Reached XP level 1. HP: 18/18 MP: 3/3
   159 | D:1      | Found Ynohideu's General Store.
   164 | D:1      | Bought a scroll of identify for 20 gold pieces
   207 | D:1      | You fall into a shaft and drop 1 floor!
   274 | D:2      | Slain by a gnoll

Illustrated notes

Levels and vault maps discovered:
D:1:      dpeg_arrival_more_subterranean_lakeside_camping, layout_basic,
          ebering_ecumenical_altar_webs, serial_shops, shop,
          nicolae_shop_bloodbath_and_beyond, shop, shop, shop,
          corexii_leaking_fountain
D:2:      layout_basic, serial_shops, nicolae_shop_waterfront

Action                   || total
-------------------------++-------
Melee: Flail             ||    16
Armor: Scale mail        ||     7
Dodge: Dodged            ||     6
Block: Buckler           ||     2

Table legend: (Time is in decaauts)
 A = Elapsed time spent in this place.
 B = Non-inter-level travel time spent in this place.
 C = Inter-level travel time spent in this place.
 D = Time resting spent in this place.
 E = Time spent auto-exploring this place.
 F = Levels seen in this place.
 G = Mean time per level.
                   A        B        C        D        E       F      G
               +--------+--------+--------+--------+--------+-----+--------+
         Total |    280 |    280 |      0 |      0 |    202 |   2 |  140.0 |
       Dungeon |    280 |    280 |      0 |      0 |    202 |   2 |  140.0 |
               +--------+--------+--------+--------+--------+-----+--------+

Top non-repeatable levels by time:
     D:1: 211 daAuts
     D:2: 69 daAuts
